[ AOE2 MATCH · #495293387 ]
UnrankedEthiopians vs Sicilians
Player's team · LOSS
[ REPLAY ANALYSIS · EXTRACTED FROM THE RECORDED GAME ]
Feudal
10:25
Castle
20:23
Imperial
—
| APM avg | 46.8 |
| APM peak | 102 |
| eAPM avg | 19.8 |
| Villagers / military | 60 / 43 |
Focus
⚔️ 34.9% · 🌾 65.1%
Archer ×37 · Militia ×3 · Mangonel ×3
Feudal
8:53
Castle
21:11
Imperial
—
| APM avg | 53.4 |
| APM peak | 81 |
| eAPM avg | 20.5 |
| Villagers / military | 68 / 25 |
Focus
⚔️ 33.3% · 🌾 66.7%
Skirmisher ×15 · Archer ×6 · Mangonel ×3 · Monk ×1
Match map
Initial resources + every placement click. Lines = walls · curves = elevation contours. ◆ gold · ⬟ stone · ● berries · ✦ relic · ◌ wall gap
Your base· Open — opponent sealed themselves in
[CL] Eduardo's base· ✓ Closed at 21:11 · 39t walls · no gate
Smoothed initial terrain · ◌ = detected wall gap · hover for details
Inputs per minute
— SneakySalmon - - [CL] Eduardo
Build order — SneakySalmon
First 150 of 173 actions detected
| 0:00 | Create | Villager (Male) |
| 0:01 | Create | Villager (Male) |
| 0:01 | Create | Villager (Male) |
| 0:01 | Create | Villager (Male) |
| 0:02 | Create | Villager (Male) |
| 0:02 | Build | House |
| 0:04 | Build | House |
| 1:33 | Create | Villager (Male) |
| 1:59 | Create | Villager (Male) |
| 2:04 | Create | Villager (Male) |
| 2:26 | Build | Lumber Camp |
| 2:47 | Create | Villager (Male) |
| 2:47 | Create | Villager (Male) |
| 3:13 | Create | Villager (Male) |
| 3:13 | Create | Villager (Male) |
| 3:36 | Create | Villager (Male) |
| 3:37 | Create | Villager (Male) |
| 4:00 | Create | Villager (Male) |
| 4:02 | Build | House |
| 4:05 | Build | House |
| 4:15 | Create | Villager (Male) |
| 4:49 | Create | Villager (Male) |
| 5:07 | Create | Villager (Male) |
| 5:24 | Create | Villager (Male) |
| 5:25 | Build | Barracks |
| 5:51 | Build | House |
| 5:52 | Create | Villager (Male) |
| 6:21 | Create | Militia |
| 6:21 | Create | Militia |
| 6:43 | Create | Villager (Male) |
| 6:44 | Research | Loom |
| 7:01 | Build | Mill |
| 7:11 | Create | Militia |
| 7:45 | Create | Villager (Male) |
| 8:15 | Research | Feudal Age |
| 8:15 | Research | Feudal Age |
| 9:19 | Create | Villager (Male) |
| 9:45 | Build | Mining Camp |
| 10:25 | Age | Feudal Age |
| 10:30 | Build | Archery Range |
| 10:31 | Research | Double-Bit Axe |
| 10:36 | Build | Archery Range |
| 10:39 | Create | Villager (Male) |
| 10:49 | Create | Villager (Male) |
| 11:07 | Create | Villager (Male) |
| 11:19 | Build | House |
| 11:23 | Build | Blacksmith |
| 11:34 | Create | Archer |
| 11:34 | Create | Archer |
| 11:42 | Create | Archer |
| 11:42 | Create | Archer |
| 11:43 | Create | Villager (Male) |
| 11:54 | Build | Farm |
| 12:04 | Build | House |
| 12:13 | Research | Fletching |
| 12:15 | Create | Archer |
| 12:15 | Create | Archer |
| 12:25 | Build | Farm |
| 12:26 | Create | Villager (Male) |
| 12:34 | Build | Palisade Wall |
| 12:38 | Build | Palisade Wall |
| 12:41 | Create | Archer |
| 12:41 | Create | Archer |
| 12:50 | Create | Archer |
| 12:50 | Create | Archer |
| 12:51 | Create | Villager (Male) |
| 12:52 | Create | Villager (Male) |
| 12:58 | Build | Farm |
| 13:08 | Create | Villager (Male) |
| 13:15 | Build | Farm |
| 13:16 | Create | Villager (Male) |
| 13:29 | Create | Archer |
| 13:29 | Create | Archer |
| 13:35 | Build | House |
| 13:36 | Build | Palisade Wall |
| 13:41 | Build | Farm |
| 13:52 | Create | Villager (Male) |
| 13:57 | Create | Archer |
| 13:59 | Create | Archer |
| 14:08 | Build | House |
| 14:18 | Create | Archer |
| 14:19 | Create | Archer |
| 14:23 | Build | Farm |
| 14:55 | Create | Villager (Male) |
| 15:00 | Create | Archer |
| 15:01 | Create | Archer |
| 15:27 | Create | Villager (Male) |
| 15:33 | Build | Farm |
| 15:39 | Build | Farm |
| 15:43 | Create | Archer |
| 15:43 | Create | Archer |
| 15:53 | Build | Farm |
| 15:56 | Build | Farm |
| 16:04 | Build | Farm |
| 16:09 | Build | House |
| 16:11 | Build | Palisade Wall |
| 16:14 | Create | Villager (Male) |
| 16:23 | Build | Farm |
| 16:32 | Build | House |
| 16:40 | Build | Palisade Wall |
| 16:42 | Build | Palisade Wall |
| 16:47 | Create | Villager (Male) |
| 16:48 | Create | Archer |
| 16:48 | Create | Archer |
| 16:53 | Build | Farm |
| 17:43 | Research | Castle Age |
| 17:43 | Research | Castle Age |
| 17:51 | Create | Archer |
| 17:52 | Create | Archer |
| 18:10 | Create | Archer |
| 18:11 | Create | Archer |
| 18:26 | Build | House |
| 18:27 | Build | House |
| 18:40 | Build | House |
| 19:04 | Build | Palisade Wall |
| 19:07 | Create | Archer |
| 19:07 | Create | Archer |
| 19:08 | Create | Villager (Male) |
| 19:39 | Create | Archer |
| 19:39 | Create | Archer |
| 20:16 | Build | House |
| 20:18 | Build | House |
| 20:18 | Create | Archer |
| 20:18 | Create | Archer |
| 20:23 | Age | Castle Age |
| 20:26 | Research | Crossbowman (upgrade) |
| 20:32 | Research | Crossbowman (upgrade) |
| 20:34 | Research | Bodkin Arrow |
| 20:37 | Build | House |
| 20:43 | Build | House |
| 20:54 | Build | Siege Workshop |
| 21:18 | Create | Villager (Male) |
| 21:18 | Create | Villager (Male) |
| 21:31 | Create | Villager (Male) |
| 21:32 | Create | Villager (Male) |
| 21:36 | Create | Villager (Male) |
| 22:01 | Build | House |
| 22:06 | Create | Villager (Male) |
| 22:07 | Create | Villager (Male) |
| 22:15 | Research | Bow Saw |
| 22:30 | Create | Villager (Male) |
| 22:30 | Create | Villager (Male) |
| 22:43 | Create | Mangonel |
| 23:02 | Create | Villager (Male) |
| 23:02 | Create | Villager (Male) |
| 23:05 | Build | Farm |
| 23:17 | Build | Town Center |
| 23:34 | Create | Villager (Male) |
| 23:35 | Create | Villager (Male) |
| 23:37 | Create | Archer |
Build order — [CL] Eduardo
First 150 of 171 actions detected
| 0:00 | Create | Villager (Male) |
| 0:00 | Create | Villager (Male) |
| 0:01 | Create | Villager (Male) |
| 0:02 | Build | House |
| 0:02 | Create | Villager (Male) |
| 0:03 | Build | House |
| 1:23 | Create | Villager (Male) |
| 1:48 | Build | Lumber Camp |
| 2:00 | Create | Villager (Male) |
| 2:13 | Create | Villager (Male) |
| 2:45 | Create | Villager (Male) |
| 3:05 | Create | Villager (Male) |
| 3:39 | Create | Villager (Male) |
| 3:58 | Create | Villager (Male) |
| 4:06 | Build | House |
| 4:33 | Create | Villager (Male) |
| 4:44 | Create | Villager (Male) |
| 5:07 | Build | Mill |
| 5:14 | Create | Villager (Male) |
| 5:33 | Create | Villager (Male) |
| 6:01 | Research | Loom |
| 6:41 | Research | Feudal Age |
| 7:26 | Build | House |
| 7:49 | Build | Barracks |
| 8:03 | Build | Barracks |
| 8:13 | Create | Villager (Male) |
| 8:33 | Create | Villager (Male) |
| 8:40 | Build | Mining Camp |
| 8:53 | Age | Feudal Age |
| 8:55 | Create | Villager (Male) |
| 9:06 | Build | Archery Range |
| 9:09 | Build | Palisade Wall |
| 9:11 | Build | Palisade Wall |
| 9:16 | Create | Villager (Male) |
| 9:18 | Build | Palisade Wall |
| 9:33 | Research | Double-Bit Axe |
| 9:45 | Create | Villager (Male) |
| 9:46 | Create | Archer |
| 9:48 | Build | House |
| 9:54 | Build | Palisade Wall |
| 9:57 | Create | Villager (Male) |
| 10:21 | Create | Archer |
| 10:24 | Create | Villager (Male) |
| 10:26 | Build | House |
| 10:30 | Create | Villager (Male) |
| 10:45 | Create | Villager (Male) |
| 10:59 | Create | Skirmisher |
| 11:00 | Build | House |
| 11:04 | Research | Horse Collar |
| 11:29 | Build | Farm |
| 11:30 | Create | Villager (Male) |
| 11:38 | Create | Villager (Male) |
| 11:43 | Create | Skirmisher |
| 11:48 | Build | Farm |
| 12:06 | Create | Villager (Male) |
| 12:14 | Build | House |
| 12:19 | Create | Skirmisher |
| 12:25 | Build | Farm |
| 12:48 | Build | Blacksmith |
| 12:57 | Create | Skirmisher |
| 13:03 | Build | Farm |
| 13:05 | Create | Villager (Male) |
| 13:08 | Create | Villager (Male) |
| 13:35 | Create | Skirmisher |
| 13:40 | Research | Fletching |
| 13:45 | Build | House |
| 13:47 | Build | House |
| 13:49 | Create | Villager (Male) |
| 13:52 | Build | Farm |
| 13:53 | Build | Farm |
| 13:54 | Build | Farm |
| 13:56 | Build | Farm |
| 13:57 | Build | Farm |
| 14:05 | Create | Archer |
| 14:21 | Create | Villager (Male) |
| 14:26 | Build | Farm |
| 14:31 | Build | Farm |
| 14:32 | Create | Villager (Male) |
| 14:56 | Create | Villager (Male) |
| 15:05 | Create | Villager (Male) |
| 15:15 | Create | Archer |
| 15:16 | Create | Villager (Male) |
| 15:18 | Build | House |
| 15:24 | Build | Palisade Wall |
| 15:30 | Build | Farm |
| 15:30 | Create | Villager (Male) |
| 15:33 | Build | Lumber Camp |
| 15:39 | Build | Farm |
| 15:41 | Build | Farm |
| 15:47 | Build | Farm |
| 15:50 | Create | Archer |
| 15:54 | Build | Palisade Wall |
| 16:19 | Build | Palisade Wall |
| 16:27 | Create | Skirmisher |
| 16:32 | Create | Villager (Male) |
| 16:51 | Build | House |
| 16:52 | Build | Palisade Wall |
| 16:53 | Create | Villager (Male) |
| 17:04 | Create | Skirmisher |
| 17:22 | Build | House |
| 17:28 | Create | Villager (Male) |
| 17:52 | Create | Villager (Male) |
| 18:07 | Build | Farm |
| 18:22 | Build | House |
| 18:30 | Research | Castle Age |
| 18:40 | Research | Padded Archer Armor |
| 18:42 | Create | Archer |
| 18:47 | Create | Skirmisher |
| 18:52 | Build | House |
| 19:22 | Create | Skirmisher |
| 19:31 | Build | Farm |
| 19:33 | Build | Farm |
| 19:45 | Create | Skirmisher |
| 20:24 | Create | Villager (Male) |
| 20:26 | Create | Skirmisher |
| 21:11 | Age | Castle Age |
| 21:14 | Research | Leather Archer Armor |
| 21:16 | Research | Elite Skirmisher (upgrade) |
| 21:19 | Create | Villager (Male) |
| 21:25 | Build | Town Center |
| 21:39 | Create | Skirmisher |
| 21:49 | Research | Bodkin Arrow |
| 22:11 | Create | Villager (Male) |
| 22:29 | Create | Skirmisher |
| 22:30 | Create | Villager (Male) |
| 22:38 | Create | Villager (Male) |
| 22:40 | Create | Skirmisher |
| 22:50 | Create | Skirmisher |
| 23:02 | Create | Villager (Male) |
| 23:31 | Create | Villager (Male) |
| 23:32 | Create | Villager (Male) |
| 23:36 | Build | Siege Workshop |
| 23:37 | Create | Villager (Male) |
| 23:42 | Create | Villager (Male) |
| 23:47 | Research | Wheelbarrow |
| 23:49 | Build | Farm |
| 23:50 | Build | Farm |
| 23:51 | Create | Villager (Male) |
| 24:00 | Build | Farm |
| 24:00 | Create | Villager (Male) |
| 24:03 | Research | Man-at-Arms (upgrade) |
| 24:06 | Create | Villager (Male) |
| 24:11 | Build | Monastery |
| 24:20 | Build | Monastery |
| 24:22 | Build | Farm |
| 24:24 | Create | Villager (Male) |
| 24:25 | Create | Mangonel |
| 24:28 | Create | Villager (Male) |
| 24:32 | Create | Villager (Male) |
| 24:50 | Build | Farm |
Match timeline
| 5:25 | SneakySalmon · first_building Barracks |
| 7:49 | [CL] Eduardo · first_building Barracks |
| 8:53 | [CL] Eduardo · age_up feudal |
| 9:06 | [CL] Eduardo · first_building Archery Range |
| 9:09 | [CL] Eduardo · wall_segment Palisade Wall x1 |
| 9:11 | [CL] Eduardo · wall_segment Palisade Wall x1 |
| 9:18 | [CL] Eduardo · wall_segment Palisade Wall x1 |
| 9:54 | [CL] Eduardo · wall_segment Palisade Wall x1 |
| 10:25 | SneakySalmon · age_up feudal |
| 10:30 | SneakySalmon · first_building Archery Range |
| 12:34 | SneakySalmon · wall_segment Palisade Wall x3 |
| 12:38 | SneakySalmon · wall_segment Palisade Wall x6 |
| 13:36 | SneakySalmon · wall_segment Palisade Wall x2 |
| 15:24 | [CL] Eduardo · wall_segment Palisade Wall x9 |
| 15:54 | [CL] Eduardo · wall_segment Palisade Wall x7 |
| 16:11 | SneakySalmon · wall_segment Palisade Wall x12 |
| 16:19 | [CL] Eduardo · wall_segment Palisade Wall x12 |
| 16:40 | SneakySalmon · wall_segment Palisade Wall x3 |
| 16:42 | SneakySalmon · wall_segment Palisade Wall x6 |
| 16:52 | [CL] Eduardo · wall_segment Palisade Wall x8 |
| 19:04 | SneakySalmon · wall_segment Palisade Wall x1 |
| 20:23 | SneakySalmon · age_up castle |
| 20:54 | SneakySalmon · first_building Siege Workshop |
| 21:11 | [CL] Eduardo · age_up castle |
| 23:36 | [CL] Eduardo · first_building Siege Workshop |
| 24:11 | [CL] Eduardo · first_building Monastery |
| 27:09 | SneakySalmon · resign |
[ AI ANALYSIS · 1 CREDIT ]
What really happened in this match?
Wolo.gg analyzes every decision: build order, eco, micro, common mistakes by bracket. Personalized analysis on WhatsApp or Discord in 30 seconds.
Civ guide
Ethiopians
Perfil
SneakySalmon